Map: World of Sleepers LE

Players

RiSky

  • Race: Zerg Zerg
  • Spawn Location: 1:00

Harstem - Winner!

  • Race: Protoss Protoss
  • Spawn Location: 7:00

VOD

Have the link to the VOD?

Description

Time

  • Played on: Sept. 6, 2019, 8:37 p.m.
  • Length: 6:01
Show
View Real Time Build Order
Export as new Build Order

RiSky Zerg 

Build Orders: Hatch First 

Get SALT Encoding   

  12  0:00  Drone  
  13  0:12  Overlord  
  13  0:16  Drone  
  14  0:30  Drone x2  
  16  0:47  Hatchery  
  15  0:51  Drone  
  15  0:54  Drone  
  17  0:57  Drone  
  18  1:08  Extractor  
  17  1:13  Spawning Pool  
  17  1:16  Drone  
  17  1:19  Drone  
  18  1:29  Drone  
  19  1:39  Drone  
  20  1:49  Overlord  
  20  1:59  Queen x2  
  20  2:00  Zergling x4  
  26  2:09  Metabolic Boost  
  26  2:10  Drone  
  26  2:11  Drone  
  28  2:21  Drone x2  
  30  2:35  Hatchery  
  29  2:44  Queen  
  29  2:48  Overlord  
  29  2:49  Drone  
  31  2:54  Drone x3  
  34  2:59  Drone  
  34  3:03  Overlord  
  35  3:07  Drone  
  36  3:15  Drone x3  
  36  3:17  Overlord  
  39  3:26  Drone  
  41  3:27  Drone  
  41  3:30  Queen  
  41  3:32  Evolution Chamber  
  42  3:35  Drone  
  42  3:37  Drone x3  
  46  3:43  Zergling x2  
  47  3:48  Drone x2  
  47  3:54  Drone  
  50  3:56  Zergling x4  
  50  3:59  Drone x2  
  54  4:03  Overlord  
  54  4:07  Drone x2  
  54  4:08  Drone  
  57  4:10  Drone x2  
  57  4:12  Drone  
  57  4:14  Roach Warren  
  59  4:18  Zergling x2  
  59  4:21  Zergling x2  
  59  4:22  Spore Crawler  
  59  4:23  Zergling x2  
  61  4:27  Spore Crawler  
  61  4:28  Zergling x6  
  64  4:38  Drone x2  
  64  4:42  Overlord x2  
  65  4:46  Spore Crawler  
  65  4:52  Zergling x2  
  65  4:54  Overlord  
  65  5:00  Queen x3  
  65  5:03  Zergling x18  
  65  5:05  Zergling x2  
  80  5:11  Zergling x6  
  81  5:16  Zergling x4  
  81  5:20  Roach x2  
  81  5:26  Roach  
  77  5:30  Roach x2  
  77  5:34  Roach  
Show
View Real Time Build Order
Export as new Build Order

Harstem Protoss - Winner!

Build Orders: 1 Gate Expand, Mass Adepts 

Get SALT Encoding   

  12  0:00  Probe  
  13  0:13  Probe  
  14  0:18  Pylon  
  14  0:24  Probe  
  14  0:28  Assimilator  
  15  0:32  Probe  
  15  0:40  Probe  
  16  0:46  Gateway  
  17  0:51  Probe  
  18  1:03  Probe  
  19  1:15  Probe  
  20  1:23  Nexus  
  20  1:34  Cybernetics Core  
  20  1:36  Probe  
  21  1:40  Assimilator  
  21  1:48  Probe  
  21  1:51  Pylon  
  22  2:00  Probe, Adept  
  23  2:10  Warp Gate  
  23  2:12  Probe  
  26  2:16  Twilight Council  
  26  2:23  Probe  
  27  2:30  Stalker  
  27  2:31  Probe  
  27  2:32  Probe  
  31  2:39  Probe  
  31  2:42  Probe  
  32  2:50  Probe, Robotics Facility  
  33  2:54  Probe  
  35  3:02  Probe  
  35  3:05  Gateway  
  36  3:08  Gateway  
  36  3:09  Probe  
  37  3:14  Probe  
  37  3:19  Resonating Glaives  
  38  3:25  Gateway x2, Probe  
  38  3:26  Probe  
  40  3:28  Warp Prism  
  40  3:33  Pylon  
  42  3:43  Probe  
  42  3:45  Probe  
  42  3:48  Assimilator  
  44  3:50  Assimilator  
  44  3:54  Pylon  
  44  3:59  Probe  
  44  4:02  Adept x2  
  49  4:05  Adept  
  49  4:08  Probe  
  52  4:11  Probe  
  52  4:15  Pylon  
  53  4:24  Adept x3  
  53  4:25  Adept  
  61  4:32  Pylon  
  61  4:46  Adept x4  
  61  4:50  Adept  
  61  4:51  Pylon  
  71  5:08  Adept x3  
  71  5:11  Sentry, Adept  
  81  5:19  Probe  
  82  5:21  Dark Shrine  
  82  5:37  Adept x2  
  86  5:47  Probe  
  84  5:52  Pylon x2  
Tags
 
Add a new tag
Caveats
  • Supply blocks, unpowered buildings, or Contaminate may cause inaccurate times.
  • Supply counts are checked every 10 seconds.